 Dungeon Sprint DCSS version 0.21-a0-237-g87df72b (webtiles) character file.

177664 Kidiri the Sorcerer (level 16, -8/104 HPs)
             Began as a Deep Elf Fire Elementalist on Sept 2, 2017.
             Was a High Priest of Vehumet.
             Killed from afar by a crystal guardian (23 damage)
             ... with a crystal bolt
             ... in the Dungeon (Sprint III: "The Ten Rune Challenge").
             The game lasted 01:24:08 (11738 turns).

Kidiri the Sorcerer (Deep Elf Fire Elementalist)   Turns: 11738, Time: 01:24:09

Health: -8/104     AC: 15    Str:  5      XL:     16   Next: 14%
Magic:  29/52      EV: 23    Int: 38 (39) God:    Vehumet [*****.]
Gold:   3770       SH: 16    Dex: 27 (28) Spells: 7/66 levels left

rFire    + + +     SeeInvis +   V - +0 long sword "Beetlebane" {flame, *Contam rF++ MR+++ Dex+4}
rCold    . . .     Gourm    .   d - +1 large shield {reflect}
rNeg     . . .     Faith    .   a - +4 robe "Tuhoc" {rC+ Slay-4 Stlth+}
rPois    +         Spirit   .   g - +1 hat {SInv}
rElec    +         Reflect  +   w - scarf of Polish {Dex+6 SInv Stlth-}
rCorr    .         Harm     .   u - +2 pair of gloves {Dex+3}
MR       +++++     Clarity  +   x - +2 pair of boots {run} Stlth ++++......NoTele +
                                N - amulet of Ycucsalo {rPois rF++ rC- Regen+}
HPRegen  0.67/turn              L - ring of the Manifold Wonders {rElec rF- Int+8 SInv Stlth+}
MPRegen  0.33/turn              Q - ring of the Mage {Wiz MR++ Int+3}

@: quick
A: beak, talons 1, repulsion field 1, clarity, deterioration 1, high mp 1,
mutation resistance 1
}: 4/10 runes: serpentine, barnacled, silver, golden
a: Renounce Religion


You were in the Dungeon.
You worshipped Vehumet.
Vehumet was extremely pleased with you.
You were full.

You visited 1 branch You collected 5783 gold pieces.
You spent 2013 gold pieces at shops.

Inventory:

Hand Weapons
 c - a +4 quick blade
 i - a +3 quick blade
 H - a +1 rapier of protection
 V - the +0 long sword "Beetlebane" (weapon) {flame, *Contam rF++ MR+++ Dex+4}
   (You found it in the Dungeon)

   It has been specially enchanted to burn those struck by it, causing extra
   injury to most foes and up to half again as much damage against particularly
   susceptible opponents.
   Big, fiery blades are also staple armaments of hydra-hunters.
   It affects your dexterity (+4).
   It greatly protects you from fire.
   It affects your resistance to hostile enchantments.
   It causes magical contamination when unequipped.
Armour
 a - the +4 robe "Tuhoc" (worn) {rC+ Slay-4 Stlth+}
   (You bought it in a shop in the Dungeon)

   It affects your accuracy and damage with ranged weapons and melee attacks
   (-4).
   It protects you from cold.
   It makes you more stealthy.
 d - a +1 large shield of reflection (worn)
 g - a +1 hat of see invisible (worn)
 j - the +1 chain mail of the Invisible Wars {Regen+ rCorr Int-4}
   (You acquired it in the Dungeon)

   It affects your intelligence (-4).
   It increases your rate of regeneration.
   It protects you from acid and corrosion.
 n - the scarf "Zegim" {rPois}
   (You acquired it in the Dungeon)

   It protects you from poison.
 u - a +2 pair of gloves of dexterity (worn)
 w - the scarf of Polish (worn) {Dex+6 SInv Stlth-}
   (You bought it in a shop in the Dungeon)

   It affects your dexterity (+6).
   It lets you see invisible.
   It makes you less stealthy.
 x - a +2 pair of boots of running (worn)
Jewellery
 b - the ring of Lebigemu {rN+++ Str-4 Dex+4}
   (You found it in the Dungeon)

   [ring of dexterity]

   It affects your strength (-4).
   It affects your dexterity (+4).
   It renders you almost immune to negative energy.
 G - an uncursed ring of resist corrosion
 L - the ring of the Manifold Wonders (left hand) {rElec rF- Int+8 SInv Stlth+}
   (You found it in the Dungeon)

   [ring of stealth]

   It affects your intelligence (+8).
   It makes you vulnerable to fire.
   It insulates you from electricity.
   It lets you see invisible.
   It makes you more stealthy.
 N - the amulet of Ycucsalo (around neck) {rPois rF++ rC- Regen+}
   (You found it in the Dungeon)

   [amulet of regeneration]

   It greatly protects you from fire.
   It makes you vulnerable to cold.
   It protects you from poison.
   It increases your rate of regeneration.
 Q - the ring of the Mage (right hand) {Wiz MR++ Int+3}
   (You found it in the Dungeon)

   [ring of wizardry]

   It improves your spell success rate.
   It affects your intelligence (+3).
   It affects your resistance to hostile enchantments.
 W - an uncursed ring of flight
Wands
 e - a wand of acid (4/15)
 k - a wand of iceblast (6/15)
 F - a wand of confusion (18/48)
 T - a wand of digging (7/24)
Scrolls
 l - a scroll of torment
 p - 4 scrolls of silence
 y - 2 scrolls of amnesia
 D - a scroll of fear
Potions
 h - 2 potions of berserk rage
 m - 2 potions of lignification
 o - a potion of curing
 q - 5 potions of flight
 r - 6 potions of mutation
 v - a potion of agility
Books
 f - a book of Annihilations

   Spells                             Type                      Level
   a - Poison Arrow                   Conjuration/Poison           6
   b - Chain Lightning                Conjuration/Air              8
   c - Lehudib's Crystal Spear        Conjuration/Earth            8
   d - Glaciate                       Conjuration/Ice              9
   e - Fire Storm                     Conjuration/Fire             9
 P - a book of Power

   Spells                             Type                      Level
   a - Iskenderun's Battlesphere      Conjuration/Charms           5
   b - Venom Bolt                     Conjuration/Poison           5
   c - Bolt of Magma                  Conjuration/Fire/Earth       5
   d - Iron Shot                      Conjuration/Earth            6
   e - Orb of Destruction             Conjuration                  7
   f - Spellforged Servitor           Conjuration/Summoning        7
Comestibles
 A - a bread ration
 B - a meat ration
 C - 7 royal jellies


   Skills:
 + Level 13.0 Fighting
 - Level 9.6 Short Blades
 - Level 13.2 Armour
 - Level 11.4 Dodging
 - Level 2.4 Stealth
 + Level 9.3 Shields
 * Level 25.9 Spellcasting
 + Level 17.0 Conjurations
 + Level 17.1 Fire Magic
 + Level 14.4 Ice Magic
 + Level 15.2 Air Magic
 + Level 14.9 Earth Magic
 + Level 16.3 Poison Magic


You had 7 spell levels left.
You knew the following spells:

 Your Spells              Type           Power        Failure   Level  Hunger
a - Flame Tongue          Conj/Fire      #####        0%          1    None
b - Throw Flame           Conj/Fire      ######       0%          2    None
c - Conjure Flame         Conj/Fire      ########     0%          3    None
d - Inner Flame           Hex/Fire       #######.     1%          3    None
e - Ignite Poison         Fire/Tmut/Pois #######.     1%          3    None
f - Sticky Flame          Conj/Fire      ########     1%          4    None
g - Fireball              Conj/Fire      ########..   1%          5    None
h - Ignition              Fire           ########..   2%          8    None
i - Freezing Cloud        Conj/Ice/Air   ########..   1%          6    None
j - Airstrike             Air            ########..   1%          4    None
k - Lehudib's Crystal Sp  Conj/Erth      ########..   3%          8    None
l - Mephitic Cloud        Conj/Pois/Air  ########     0%          3    None
m - Orb of Destruction    Conj           ########..   1%          7    None
n - Blink                 Tloc           N/A          1%          2    None


Dungeon Overview and Level Annotations

Branches:
Dungeon (1/1)

Altars:
Cheibriados
Dithmenos
Elyvilon
Fedhas
Gozag
Hepliaklqana
Kikubaaqudgha
Makhleb
Nemelex Xobeh
Okawaru
Qazlal
Ru
Sif Muna
Trog
Uskayaw
Vehumet
Wu Jian
Xom
Yredelemnul
Zin
The Shining One
Beogh
Jiyva
Lugonu

Shops:
D =[%*:?(:%=}((*[(!?}

Annotations:
D exclusions: 3 doors and 2 more exclusions


Innate Abilities, Weirdness & Mutations

You have a beak for a mouth.
You have sharp toenails.
You are surrounded by a mild repulsion field. (EV +2)
You possess an exceptional clarity of mind.
Your body sometimes deteriorates upon taking damage.
You have an increased reservoir of magic. (+10% MP)
You are somewhat resistant to further mutation.


Message History

Your body deteriorates!
You feel clumsy.
Casting: Orb of Destruction
Confirm with . or Enter, or press ? or * to list all spells.
Aiming: Orb of Destruction
Press: ? - help, Shift-Dir - straight line, f - crystal guardian, p - crystal guardian
Aim: a crystal guardian The orb fizzles. x2
The crystal guardian fires a crystalline bolt at you.
The crystal bolt freezes you!
* * * LOW HITPOINT WARNING * * *
Your body deteriorates!
You feel dopey.
Unknown command.
Casting: Orb of Destruction
Confirm with . or Enter, or press ? or * to list all spells.
Aiming: Orb of Destruction
Press: ? - help, Shift-Dir - straight line, f/p - crystal guardian
Aim: a crystal guardian The crystal guardian fires a crystalline bolt at you.
The crystal bolt freezes you!
You die...

≈≈≈≈≈≈▓#.#.))###.#.∩⌠⌠∩.#.#.#.#)+
≈≈≈≈≈≈▓#.#.###...#.∩∩∩∩.#.)...#.#
≈≈≈≈≈≈▓#.#+#§§..§#.∩∩∩∩.#....)#.#
≈≈≈≈≈≈▓#§#§§§§...#......#.#.#.+.#
≈≈≈≈≈≈▓#§#.§.§...###++###..#..#.#
≈≈≈≈≈≈▓#.....§.§§#.♣..♣.#)....###
≈≈≈≈≈≈▓#########§#......#########
...≈≈≈▓ #.#.#.#.§......#[..#L#..
=∩..≈≈▓ ....8.*@.......#...###..
▓▓▓▓▓▓▓ ....8..........#.(..^...
#+##############:.....^.
######### #........ ▓+▓▓▓▓▓▓▓
▓^.#..... ▓..#..^.. ▓.^#..###


You could see 2 crystal guardians.

Vanquished Creatures
  Sojobo (D)
  2 greater mummies (D)
  Sigmund (D)
  Rupert (D)
  A quicksilver dragon (D)
  A deep elf blademaster (D)
  A lich (D)
  A titan (D)
  Chuck (D)
  A kraken (D)
  Gastronok (D)
  2 sphinxes (D)
  3 shadow dragons (D)
  A fire giant (D)
  A nagaraja (D)
  3 frost giants (D)
  A stone giant (D)
  2 deep elf demonologists (D)
  2 dire elephants (D)
  2 deep elf annihilators (D)
  A deep elf death mage (D)
  Snorg (D)
  7 mummy priests (D)
  A naga warrior (D)
  A yaktaur captain (D)
  A deep elf high priest (D)
  A fire dragon (D)
  An ogre mage (D)
  16 vault guards (D)
  3 anacondas (D)
  An alligator snapping turtle (D)
  3 centaur warriors (D)
  4 dancing weapons (D)
  4 death yaks (D)
  Urug (D)
  A deep elf knight (D)
  5 orc high priests (D)
  6 skeletal warriors (D)
  A death drake (D)
  A spriggan druid (D)
  A small abomination (D)
  2 glowing orange brains (shapeshifter) (D)
  An unseen horror (D)
  2 obsidian statues (D)
  A lindwurm (D)
  5 deep elf magi (D)
  A crystal guardian (D)
  6 ugly things (D)
  A wolf spider (shapeshifter) (D)
  2 elephants (D)
  5 black mambas (D)
  A guardian serpent (D)
  Edmund (D)
  2 spiny frogs (D)
  A rime drake (D)
  18 guardian mummies (D)
  A komodo dragon (D)
  3 wandering mushrooms (D)
  A queen bee (D)
  4 spriggan defenders (D)
  A wind drake (shapeshifter) (D)
  2 tyrant leeches (D)
  8 blink frogs (D)
  3 slime creatures (D)
  5 snapping turtles (D)
  A snapping turtle (shapeshifter) (D)
  3 redbacks (D)
  A shadow (D)
  2 spriggans (D)
  2 nagas (D)
  A spatial vortex (D)
  2 water moccasins (D)
  A floating eye (shapeshifter) (D)
  2 orc warriors (D)
  A swamp drake (D)
  2 centaurs (D)
  A necrophage (D)
  A water elemental (D)
  22 killer bees (D)
  An electric eel (D)
  4 orc priests (D)
  A jelly (D)
  4 orc wizards (D)
  Jessica (D)
  A wizard (D)
  A necromancer (D)
  2 polar bear simulacra (D)
  2 wolf simulacra (D)
  3 humans (D)
  A kobold demonologist (D)
  A wolf (D)
  3 adders (D)
  An ooze (D)
  7 orcs (D)
  2 rats (D)
  8 bushes (D)
  7 butterflies (D)
  A fungus (D)
  16 plants (D)
  2 tentacles (D)
278 creatures vanquished.

Vanquished Creatures (collateral kills)
  8 killer bees (D)
8 creatures vanquished.

Vanquished Creatures (others)
  2 draconian scorchers (D)
  Nessos (D)
  2 hydras (D)
  6 hellions (D)
  3 yaktaurs (D)
  2 killer bees (D)
  A fungus (D)
  7 plants (D)
  6 tentacles (D)
30 creatures vanquished.

Grand Total: 316 creatures vanquished

Notes
Turn   | Place    | Note
-------+----------+-------------------------------------------
     0 | D        | Kidiri the Deep Elf Fire Elementalist began the quest for the Orb.
     0 | D        | Reached XP level 1. HP: 10/10 MP: 6/6
    10 | D        | Reached skill level 4 in Spellcasting
    43 | D        | Killed a yaktaur
    91 | D        | Noticed Jessica
    94 | D        | Killed Jessica
    94 | D        | Reached skill level 6 in Spellcasting
    94 | D        | Reached XP level 2. HP: 15/15 MP: 4/11
    94 | D        | Reached XP level 3. HP: 19/19 MP: 4/12
    98 | D        | Learned a level 2 spell: Throw Flame
   102 | D        | Learned a level 3 spell: Conjure Flame
   106 | D        | Learned a level 3 spell: Inner Flame
   143 | D        | Killed a white draconian scorcher
   154 | D        | Killed a yaktaur
   155 | D        | Reached skill level 7 in Spellcasting
   155 | D        | Reached skill level 5 in Fire Magic
   159 | D        | Killed a hellion
   162 | D        | Killed a hellion
   182 | D        | Gained mutation: You tend to lose your temper in combat. [potion of mutation]
   182 | D        | Gained mutation: You have sharp toenails. [potion of mutation]
   182 | D        | Gained mutation: You have an increased reservoir of magic. (+10% MP) [potion of mutation]
   182 | D        | Gained mutation: You are resistant to electric shocks. (rElec) [potion of mutation]
   183 | D        | Lost mutation: You tend to lose your temper in combat. [potion of mutation]
   183 | D        | Lost mutation: You are resistant to electric shocks. (rElec) [potion of mutation]
   183 | D        | Gained mutation: You possess an exceptional clarity of mind. [potion of mutation]
   183 | D        | Gained mutation: You are surrounded by a mild repulsion field. (EV +2) [potion of mutation]
   183 | D        | Gained mutation: You have a beak for a mouth. [potion of mutation]
   183 | D        | Gained mutation: You are somewhat resistant to further mutation. [potion of mutation]
   183 | D        | Killed a hellion
   223 | D        | Killed a hellion
   275 | D        | Killed a white draconian scorcher
   322 | D        | Killed a hellion
   382 | D        | Noticed a water elemental
   384 | D        | Killed a water elemental
   384 | D        | Reached skill level 9 in Spellcasting
   384 | D        | Reached skill level 5 in Conjurations
   384 | D        | Reached XP level 4. HP: 24/24 MP: 10/18
   392 | D        | Learned a level 4 spell: Sticky Flame
   398 | D        | Found a radiant altar of Vehumet.
   431 | D        | Found a deep blue altar of Sif Muna.
   431 | D        | Found an ancient bone altar of Kikubaaqudgha.
   431 | D        | Noticed a wizard
   434 | D        | Killed a wizard
   434 | D        | HP: 1/24 [wizard/exploding inner flame[the player character] (23)]
   434 | D        | Reached skill level 1 in Fighting
   434 | D        | Reached skill level 1 in Short Blades
   434 | D        | Reached skill level 1 in Armour
   434 | D        | Reached XP level 5. HP: 2/29 MP: 8/20
   477 | D        | Killed a hellion
   516 | D        | Learned a level 5 spell: Fireball
   520 | D        | Learned a level 3 spell: Mephitic Cloud
   523 | D        | Became a worshipper of Vehumet
   533 | D        | Learned a level 2 spell: Blink
   742 | D        | Found a glowing silver altar of Zin.
   743 | D        | Found a glowing golden altar of the Shining One.
   743 | D        | Found a white marble altar of Elyvilon.
   743 | D        | Noticed a deep elf mage
   745 | D        | HP: 1/29 [deep elf mage/bolt of magma (28)]
   753 | D        | Killed a deep elf mage
   753 | D        | Reached skill level 5 in Dodging
   753 | D        | Reached skill level 11 in Spellcasting
   753 | D        | Reached XP level 6. HP: 7/36 MP: 12/24
   753 | D        | Reached XP level 7. HP: 8/40 MP: 13/26
  1001 | D        | Found an ornate altar of the Wu Jian Council.
  1001 | D        | Found a roughly hewn altar of Beogh.
  1001 | D        | Found an iron altar of Okawaru.
  1001 | D        | Found a bloodstained altar of Trog.
  1001 | D        | Found a hide-covered altar of Uskayaw.
  1001 | D        | Noticed a human
  1005 | D        | Noticed a human
  1009 | D        | Killed a human
  1009 | D        | Killed a human
  1009 | D        | Reached * piety under Vehumet
  1009 | D        | Offered knowledge of Shock by Vehumet.
  1009 | D        | Reached skill level 12 in Spellcasting
  1081 | D        | Found a basalt altar of Yredelemnul.
  1081 | D        | Found a shadowy altar of Dithmenos.
  1081 | D        | Found a sacrificial altar of Ru.
  1141 | D        | Noticed a shadow
  1145 | D        | Killed a shadow
  1145 | D        | Reached ** piety under Vehumet
  1145 | D        | Offered knowledge of Sandblast by Vehumet.
  1145 | D        | Reached XP level 8. HP: 47/47 MP: 13/28
  1269 | D        | Found a blossoming altar of Fedhas.
  1269 | D        | Found a stormy altar of Qazlal.
  1269 | D        | Found a snail-covered altar of Cheibriados.
  1269 | D        | Found a burning altar of Makhleb.
  1269 | D        | Found a shimmering altar of Xom.
  1270 | D        | Found a hazy altar of Hepliaklqana.
  1270 | D        | Found an opulent altar of Gozag.
  1270 | D        | Found a sparkling altar of Nemelex Xobeh.
  1270 | D        | Found a corrupted altar of Lugonu.
  1270 | D        | Found a viscous altar of Jiyva.
  1361 | D        | Noticed Snorg
  1377 | D        | Killed Snorg
  1377 | D        | Offered knowledge of Throw Frost by Vehumet.
  1377 | D        | Reached skill level 5 in Short Blades
  1377 | D        | Reached skill level 13 in Spellcasting
  1377 | D        | Reached skill level 5 in Air Magic
  1377 | D        | Reached skill level 5 in Poison Magic
  1377 | D        | Reached XP level 9. HP: 47/51 MP: 3/31
  1583 | D        | Noticed a centaur warrior
  1586 | D        | Reached *** piety under Vehumet
  1586 | D        | Killed a centaur warrior
  1586 | D        | Offered knowledge of Airstrike by Vehumet.
  1586 | D        | Reached skill level 5 in Fighting
  1586 | D        | Reached skill level 5 in Armour
  1586 | D        | Reached skill level 14 in Spellcasting
  1592 | D        | Learned a level 4 spell: Airstrike
  1679 | D        | Noticed an unseen horror
  1681 | D        | Killed an unseen horror
  1896 | D        | Noticed a queen bee
  1898 | D        | Reached **** piety under Vehumet
  1899 | D        | Offered knowledge of Ignite Poison by Vehumet.
  1899 | D        | Reached ***** piety under Vehumet
  1924 | D        | Learned a level 3 spell: Ignite Poison
  1941 | D        | Killed a queen bee
  1941 | D        | Offered knowledge of Iron Shot by Vehumet.
  1941 | D        | Reached XP level 10. HP: 48/58 MP: 18/33
  1961 | D        | Learned a level 6 spell: Iron Shot
  2007 | D        | Offered knowledge of Spellforged Servitor by Vehumet.
  2007 | D        | Reached skill level 15 in Spellcasting
  2007 | D        | Reached ****** piety under Vehumet
  2008 | D        | Reached skill level 1 in Earth Magic
  2114 | D        | Reached skill level 10 in Fire Magic
  2173 | D        | Offered knowledge of Venom Bolt by Vehumet.
  2258 | D        | Noticed a spiny frog
  2258 | D        | Noticed a spiny frog
  2261 | D        | Killed a spiny frog
  2267 | D        | Killed a spiny frog
  2461 | D        | Noticed a lindwurm
  2465 | D        | Killed a lindwurm
  2465 | D        | Reached skill level 16 in Spellcasting
  2465 | D        | Reached skill level 10 in Conjurations
  2477 | D        | Offered knowledge of Poison Arrow by Vehumet.
  2557 | D        | Noticed Urug
  2577 | D        | Killed Urug
  2577 | D        | Reached XP level 11. HP: 66/66 MP: 20/36
  2705 | D        | Got a transparent amber ring
  2721 | D        | Identified the ring "Guseesm" {Wiz Dex+2} (You found it in the Dungeon)
  2749 | D        | Killed a seven-headed hydra
  2847 | D        | Offered knowledge of Freezing Cloud by Vehumet.
  2855 | D        | Learned a level 6 spell: Freezing Cloud
  2879 | D        | Reached skill level 10 in Dodging
  2879 | D        | Reached skill level 1 in Ice Magic
  2905 | D        | Killed a six-headed hydra
  2947 | D        | Killed Nessos
  2949 | D        | Reached skill level 5 in Earth Magic
  2998 | D        | Offered knowledge of Conjure Ball Lightning by Vehumet.
  3177 | D        | Noticed a death yak
  3178 | D        | Noticed a death yak
  3179 | D        | Noticed a death yak
  3181 | D        | Noticed a death yak
  3182 | D        | Killed a death yak
  3182 | D        | Reached skill level 17 in Spellcasting
  3184 | D        | Killed a death yak
  3187 | D        | Killed a death yak
  3187 | D        | Killed a death yak
  3300 | D        | Noticed an azure jelly
  3300 | D        | Noticed an azure jelly
  3397 | D        | Noticed an anaconda
  3401 | D        | Killed an anaconda
  3403 | D        | Offered knowledge of Orb of Destruction by Vehumet.
  3529 | D        | Noticed an anaconda
  3529 | D        | Noticed an anaconda
  3533 | D        | Killed an anaconda
  3543 | D        | Killed an anaconda
  3621 | D        | Offered knowledge of Shatter by Vehumet.
  3621 | D        | Offered knowledge of Tornado by Vehumet.
  3621 | D        | Offered knowledge of Ignition by Vehumet.
  3621 | D        | Reached XP level 12. HP: 54/73 MP: 31/39
  3703 | D        | Noticed a naga warrior
  3703 | D        | Noticed a nagaraja
  3711 | D        | Found Qepnaoj's Jewellery Boutique.
  3711 | D        | Found Ciamiy Yquat's Antique Armour Emporium.
  3713 | D        | Killed a naga warrior
  3713 | D        | Reached skill level 18 in Spellcasting
  3713 | D        | Reached skill level 5 in Ice Magic
  3713 | D        | Reached skill level 10 in Poison Magic
  3714 | D        | Killed a nagaraja
  3758 | D        | Found Oliorphuu's Food Shop.
  3936 | D        | Got a serpentine rune of Zot
  4070 | D        | Found Suj Heamubah's Assorted Antiques.
  4071 | D        | Noticed an orc high priest
  4072 | D        | Noticed an orc high priest
  4076 | D        | Killed an orc high priest
  4077 | D        | Killed an orc high priest
  4309 | D        | Bought a crude robe for 125 gold pieces
  4309 | D        | Bought a buckler for 99 gold pieces
  4309 | D        | Bought a pair of runed gloves for 165 gold pieces
  4309 | D        | Bought a slimy scarf for 220 gold pieces
  4309 | D        | Bought a pair of runed boots for 165 gold pieces
  4319 | D        | Identified the +4 robe "Tuhoc" {rC+ Slay-4 Stlth+} (You bought it in a shop in the Dungeon)
  4329 | D        | Identified the scarf of Polish {Dex+6 SInv Stlth-} (You bought it in a shop in the Dungeon)
  4339 | D        | Identified a +0 pair of boots of running (You bought it in a shop in the Dungeon)
  4509 | D        | Found a blossoming altar of Fedhas.
  4623 | D        | Noticed a kraken
  4636 | D        | Killed a kraken
  4636 | D        | Reached skill level 10 in Air Magic
  4830 | D        | Reached skill level 19 in Spellcasting
  4832 | D        | Noticed an alligator snapping turtle
  4964 | D        | Killed an alligator snapping turtle
  5040 | D        | Found Arhoomm's Antique Weapon Boutique.
  5040 | D        | Found Peumiatt's Magic Scroll Shop.
  5040 | D        | Found Jaehirot's Book Emporium.
  5049 | D        | Got a barnacled rune of Zot
  5053 | D        | Bought a scroll of enchant armour for 75 gold pieces
  5053 | D        | Bought a scroll of enchant armour for 75 gold pieces
  5053 | D        | Bought a scroll of enchant armour for 75 gold pieces
  5091 | D        | Bought a scroll of identify for 20 gold pieces
  5161 | D        | Noticed Rupert
  5166 | D        | Paralysed by Rupert for 6 turns
  5167 | D        | Killed Rupert
  5383 | D        | Bought 3 scrolls of enchant armour for 540 gold pieces
  5404 | D        | Reached XP level 13. HP: 79/79 MP: 29/42
  5417 | D        | Reached skill level 10 in Armour
  5443 | D        | Learned a level 8 spell: Ignition
  5457 | D        | Noticed a deep elf demonologist
  5459 | D        | Noticed a deep elf annihilator
  5482 | D        | Noticed a deep elf demonologist
  5482 | D        | Noticed a deep elf death mage
  5635 | D        | Killed a deep elf annihilator
  5640 | D        | Noticed a deep elf blademaster
  5804 | D        | Killed a deep elf demonologist
  5806 | D        | Noticed a cacodemon
  5813 | D        | Gained mutation: Your body sometimes deteriorates upon taking damage. [a cacodemon]
  5986 | D        | Killed a deep elf demonologist
  5988 | D        | Killed a deep elf death mage
  6135 | D        | Noticed a deep elf annihilator
  6138 | D        | Killed a deep elf annihilator
  6138 | D        | Reached skill level 20 in Spellcasting
  6155 | D        | Noticed an Ice Fiend
  6156 | D        | Killed a ghostly deep elf demonologist
  6406 | D        | Killed a deep elf blademaster
  6409 | D        | Identified the Guide on Displaced Stones
  6415 | D        | Got a twitching lead ring
  6432 | D        | Got a vibrating pewter ring
  6437 | D        | Got an opalescent robe
  6477 | D        | Identified the +1 robe "Nuneimag" {rElec} (You took it off a deep elf annihilator in the Dungeon)
  6557 | D        | Identified the ring of Lebigemu {rN+++ Str-4 Dex+4} (You found it in the Dungeon)
  6559 | D        | Identified the ring "Teumiom" {Fire rElec Str+6 Int-3} (You took it off a deep elf annihilator in the Dungeon)
  6769 | D        | Noticed an azure jelly
  6769 | D        | Noticed an azure jelly
  6770 | D        | Noticed a dire elephant
  6770 | D        | Noticed a dire elephant
  6770 | D        | Noticed Gastronok
  6905 | D        | Killed a dire elephant
  6905 | D        | Reached skill level 10 in Earth Magic
  7045 | D        | Killed Gastronok
  7155 | D        | Killed a dire elephant
  7234 | D        | Noticed Sigmund
  7234 | D        | Noticed Edmund
  7244 | D        | Killed Edmund
  7246 | D        | Killed Sigmund
  7246 | D        | Reached skill level 10 in Fighting
  7246 | D        | Reached skill level 1 in Shields
  7246 | D        | Reached skill level 21 in Spellcasting
  7536 | D        | Found Mate's Antique Weapon Emporium.
  7536 | D        | Found Zaolyk's Antique Armour Shop.
  7536 | D        | Found Amuce's Gadget Boutique.
  7536 | D        | Found Jaxus's Gadget Shoppe.
  7536 | D        | Found Nily's Weapon Boutique.
  7536 | D        | Found Ustacump's Assorted Antiques.
  7536 | D        | Found Koygiat's Jewellery Shoppe.
  7536 | D        | Found Caur's Magic Scroll Shop.
  7536 | D        | Found Koppuest's Food Shop.
  7536 | D        | Found Lovixev's Distillery.
  7536 | D        | Found Hotuisot's Book Emporium.
  7536 | D        | Found Joibleni's Antique Weapon Boutique.
  7557 | D        | Bought 2 potions of heal wounds for 250 gold pieces
  7560 | D        | Bought a scroll of amnesia for 38 gold pieces
  7560 | D        | Bought a scroll of amnesia for 38 gold pieces
  7560 | D        | Bought a scroll of fear for 38 gold pieces
  7582 | D        | Learned a level 8 spell: Lehudib's Crystal Spear
  7617 | D        | Reached XP level 14. HP: 63/87 MP: 20/45
  7770 | D        | Got a fine great sword
  7776 | D        | Identified the cursed +0 great sword "Embalmer" {slice, Str+6 Int-4 Dex+5} (You found it in the Dungeon)
  7939 | D        | Reached skill level 10 in Ice Magic
  8441 | D        | Noticed Chuck
  8446 | D        | Killed Chuck
  8541 | D        | Noticed Sojobo
  8862 | D        | Killed Sojobo
  8862 | D        | Reached skill level 22 in Spellcasting
  9068 | D        | Noticed a lich
  9070 | D        | Noticed an Ice Fiend
  9072 | D        | Killed a lich
  9174 | D        | Noticed a shadow dragon
  9174 | D        | Noticed a shadow dragon
  9174 | D        | Reached skill level 5 in Shields
  9229 | D        | Killed a shadow dragon
  9234 | D        | Killed a shadow dragon
  9234 | D        | Reached skill level 15 in Fire Magic
  9605 | D        | Noticed a frost giant
  9605 | D        | Noticed a shadow dragon
  9605 | D        | Noticed a stone giant
  9605 | D        | Noticed a quicksilver dragon
  9605 | D        | Noticed a fire giant
  9605 | D        | Noticed a frost giant
  9605 | D        | Noticed a frost giant
  9606 | D        | Noticed a titan
  9607 | D        | Reached skill level 23 in Spellcasting
  9607 | D        | Reached skill level 15 in Conjurations
  9607 | D        | Killed a stone giant
  9607 | D        | Killed a quicksilver dragon
  9607 | D        | Reached XP level 15. HP: 95/95 MP: 48/48
  9607 | D        | Killed a frost giant
  9608 | D        | Killed a titan
  9608 | D        | Reached skill level 24 in Spellcasting
  9609 | D        | Killed a frost giant
  9609 | D        | Killed a shadow dragon
  9609 | D        | Reached skill level 15 in Poison Magic
  9611 | D        | Killed a fire giant
  9615 | D        | Killed a frost giant
  9653 | D        | Found the ring of the Mage {Wiz MR++ Int+3}
  9657 | D        | Found the +2 shield of Resistance {rF+ rC+ MR+}
  9660 | D        | Found the +3 sling "Punk" {acid, rCorr}
  9717 | D        | Got a silver rune of Zot
  9726 | D        | Got a serpentine marble ring
  9742 | D        | Got a flickering ivory amulet
  9766 | D        | Got a translucent long sword
  9795 | D        | Got a pair of bloodstained gloves
  9806 | D        | Identified the +0 pair of gloves "Zexidob" {MR+} (You acquired it in the Dungeon)
  9822 | D        | Identified the cursed +0 long sword "Beetlebane" {flame, *Contam rF++ MR+++ Dex+4} (You found it in the Dungeon)
  9825 | D        | Identified the ring of the Manifold Wonders {rElec rF- Int+8 SInv Stlth+} (You found it in the Dungeon)
  9827 | D        | Identified the amulet of Ycucsalo {rPois rF++ rC- Regen+} (You found it in the Dungeon)
 10270 | D        | Learned a level 7 spell: Orb of Destruction
 10272 | D        | Noticed an ancient lich
 10293 | D        | Identified Juiniec's Sorcery, Part One
 10344 | D        | Noticed a sphinx
 10344 | D        | Noticed a sphinx
 10348 | D        | Killed a sphinx
 10349 | D        | Killed a sphinx
 10712 | D        | Reached skill level 25 in Spellcasting
 11045 | D        | Bought 3 scrolls of identify for 60 gold pieces
 11045 | D        | Bought a scroll of remove curse for 30 gold pieces
 11256 | D        | Noticed a greater mummy
 11256 | D        | Noticed a greater mummy
 11257 | D        | Found the +7 lajatang of Order {silver, rMut}
 11257 | D        | Lost strength.
 11274 | D        | Killed a greater mummy
 11274 | D        | Reached skill level 15 in Air Magic
 11274 | D        | Reached XP level 16. HP: 30/103 MP: 34/52
 11425 | D        | Killed a greater mummy
 11433 | D        | Got a golden rune of Zot
 11443 | D        | Identified the Papyrus of Quantum Dark Secrets
 11530 | D        | Got a slimy chain mail
 11541 | D        | Identified the +1 chain mail of the Invisible Wars {Regen+ rCorr Int-4} (You acquired it in the Dungeon)
 11554 | D        | Got a smoking scarf
 11565 | D        | Identified the scarf "Zegim" {rPois} (You acquired it in the Dungeon)
 11738 | D        | Killed from afar by a crystal guardian

Vault maps used:
D:        dungeon_sprint_mu

Skill      XL: |  1  2  3  4  5  6  7  8  9 10 11 12 13 14 15 16 |
---------------+-------------------------------------------------+-----
Spellcasting   | 6 9 11 12 13 14 16 17 19 21 23 25 | 25.9
Conjurations   | 3 5 6 7 8 9 10 11 12 13 15 16 17 | 17.0
Fire Magic     | 4 6 7 8 9 10 11 12 13 15 16 17 | 17.1
Fighting       | 1 2 3 4 5 6 7 8 10 11 12 13 | 13.0
Short Blades   | 1 3 4 5 6 8 9 |  9.6
Armour         | 1 3 4 5 6 7 9 11 12 13 | 13.2
Dodging        | 3 5 6 7 8 9 11 | 11.4
Air Magic      | 3 4 5 6 7 9 10 11 13 15 | 15.2
Poison Magic   | 3 4 5 7 8 9 11 12 14 16 | 16.3
Earth Magic    | 4 6 8 10 12 14 | 14.9
Ice Magic      | 4 7 9 11 14 | 14.4
Shields        | 2 6 9 |  9.3
Stealth        | |  2.4

Action                   |  1- 3 |  4- 6 |  7- 9 | 10-12 | 13-15 | 16-18 || total
-------------------------+-------+-------+-------+-------+-------+-------++-------
Melee: Dagger            |       |     1 |     1 |    57 |       |       ||    59
       Peck              |       |       |       |    13 |    16 |       ||    29
       Kick              |       |       |       |    15 |       |       ||    15
       Rapier            |       |       |       |       |    21 |       ||    21
       Short sword       |       |       |       |       |     2 |       ||     2
       Long sword        |       |       |       |       |     8 |       ||     8
 Cast: Flame Tongue      |    20 |       |    23 |    18 |     7 |       ||    68
       Conjure Flame     |     1 |       |     2 |     3 |     2 |       ||     8
       Inner Flame       |       |     2 |     6 |     3 |     1 |       ||    12
       Sticky Flame      |       |     2 |    10 |    16 |    14 |       ||    42
       Mephitic Cloud    |       |     1 |     5 |    11 |     8 |       ||    25
       Fireball          |       |       |     6 |     8 |     2 |     1 ||    17
       Blink             |       |       |     2 |     2 |    21 |       ||    25
       Airstrike         |       |       |     4 |    17 |    36 |     2 ||    59
       Iron Shot         |       |       |       |    64 |    40 |       ||   104
       Ignite Poison     |       |       |       |     4 |     5 |       ||     9
       Freezing Cloud    |       |       |       |    21 |    16 |       ||    37
       Throw Flame       |       |       |       |     3 |       |       ||     3
       Ignition          |       |       |       |       |    25 |     3 ||    28
       Lehudib's Crystal |       |       |       |       |    45 |       ||    45
       Orb of Destructio |       |       |       |       |     8 |     5 ||    13
  Use: Scroll            |     3 |       |       |    11 |    11 |     5 ||    30
       Potion            |     2 |     1 |       |     3 |     5 |       ||    11
 Stab: Sleeping          |       |     1 |       |     4 |     2 |       ||     7
  Eat: Chunk             |       |       |     3 |       |     8 |       ||    11
       Royal jelly       |       |       |       |    10 |    11 |       ||    21
       Fruit             |       |       |       |     2 |     9 |       ||    11
Armor: Robe              |     1 |     1 |       |     1 |    11 |       ||    14
       Troll leather arm |       |       |     1 |     3 |       |       ||     4
Dodge: Dodged            |     9 |     5 |    15 |    56 |    52 |     1 ||   138
Block: Buckler           |       |       |       |     2 |    15 |       ||    17
       Large shield      |       |       |       |       |    20 |     4 ||    24
       Rpst.: Long sword |       |       |       |       |     4 |       ||     4

Table legend:
 A = Spawn XP
 B = Non-spawn XP
 C = Spawn XP percentage of total XP
 D = Spawn monster count
 E = Non-spawn monster count
 F = Spawn count percentage of total count
 G = Total turns spent on level
                    A         B        C        D         E        F      G
               +---------+---------+-------+---------+---------+-------+---------
         Total |       0 |  162378 |   0.0 |       0 |     254 |   0.0 | 11738
               +---------+---------+-------+---------+---------+-------+---------
             D |       0 |  162378 |   0.0 |       0 |     254 |   0.0 | 11738
               +---------+---------+-------+---------+---------+-------+---------
